 Dungeon Crawl Stone Soup version 0.30-a0-122-g2a1322497e (webtiles) character file.

Game seed: 11030564063588568395

3766 123456 the Geomancer (level 10, -5/50 HPs)
             Began as a Gargoyle Earth Elementalist on Sept 16, 2022.
             Was a Believer of Yredelemnul.
             Killed by divine providence
             ... invoked by an orc priest
              (9 damage)
             ... on level 8 of the Dungeon.
             The game lasted 00:13:41 (7784 turns).

123456 the Geomancer (Gargoyle Earth Elementalist)  Turns: 7784, Time: 00:13:43

Health: -5/50      AC: 19    Str: 11      XL:     10   Next: 15%
Magic:  13/21      EV: 12    Int: 21      God:    Yredelemnul [**....]
Gold:   1393       SH:  0    Dex:  8 (10) Spells: 11/24 levels left

rFire   . . .      SeeInvis +    o - +1 dagger (flame)
rCold   . . .      Faith    .    (no shield)
rNeg    + . .      Spirit   .    F - +0 steam dragon scales
rPois   ∞          Reflect  .    C - +0 helmet
rElec   +          Harm     .    (no cloak)
rCorr   .          Rampage  .    p - +0 pair of gloves
Will    .....                    m - +0 pair of boots
Stlth   +++.......               t - amulet of regeneration
HPRegen 0.96/turn                v - +4 ring of protection
MPRegen 0.17/turn                I - ring of see invisible

@: spiked
A: sickness immunity, AC +7, negative energy resistance 1, electricity
resistance, torment resistance 1, petrification resistance
a: Renounce Religion, Recall Undead Harvest, Dark Bargain


You were on level 8 of the Dungeon.
You worshipped Yredelemnul.
Yredelemnul was noncommittal.
You visited 2 branches of the dungeon, and saw 9 of its levels.
You also visited: Ossuary.

You collected 1393 gold pieces.

Inventory:

Hand Weapons
 o - a +1 dagger of flaming (weapon)
 B - a +0 rapier
Armour
 a - a +0 robe
 m - a +0 pair of boots (worn)
 p - a +0 pair of gloves (worn)
 C - a +0 helmet (worn)
 F - +0 steam dragon scales (worn)
Jewellery
 f - a ring of ice
 h - a ring of fire
 q - an amulet of magic regeneration
 t - an amulet of regeneration (around neck)
 v - a +4 ring of protection (left hand)
 I - a ring of see invisible (right hand)
Wands
 H - a wand of digging (4)
 J - a wand of paralysis (9)
 K - a wand of flame (5)
Scrolls
 c - 3 scrolls of enchant armour
 g - 2 scrolls of teleportation
 u - a scroll of blinking
 x - a scroll of brand weapon {unknown}
 y - 3 scrolls of immolation
 z - a scroll of amnesia {unknown}
 A - a scroll of butterflies {unknown}
 D - a scroll of fear {unknown}
 E - a scroll of magic mapping
Potions
 b - a potion of magic
 d - a potion of lignification
 e - 3 potions of haste {unknown}
 i - 3 potions of heal wounds {unknown}
 j - a potion of ambrosia {unknown}
 k - a potion of flight {unknown}
 l - 2 potions of brilliance {unknown}
 n - a potion of degeneration {unknown}
 r - a potion of mutation {unknown}
 s - 6 potions of curing
 w - 2 potions of might {unknown}
 G - a potion of berserk rage {unknown}


   Skills:
 + Level 4.8 Dodging
 + Level 7.0 Stealth
 * Level 7.6 Spellcasting
 * Level 3.2 Conjurations
 - Level 0.7 Transmutations
 + Level 1.5 Air Magic
 * Level 10.2 Earth Magic


You had 11 spell levels left.
You knew the following spells:

 Your Spells              Type           Power      Damage    Failure   Level
a - Sandblast             Erth           100%       2d20      1%          1
b - Stone Arrow           Conj/Erth      72%        3d11      1%          3
c - Chain Lightning       Conj/Air       9%         3d12      100%        9

Your spell library contained the following spells:

 Spells                   Type           Power      Damage    Failure   Level
 Passwall                 Tmut/Erth      25%        N/A       1%          2
 Magic Dart               Conj           84%        1d7       2%          1
 Searing Ray              Conj           42%        2d6       3%          2
 Apportation              Tloc           14%        N/A       9%          1
 Necrotise                Necr           28%        1d5       9%          1
 Summon Small Mammal      Summ           28%        N/A       9%          1
 Poisonous Vapours        Pois/Air       22%        N/A       9%          2
 Petrify                  Tmut/Erth      30%        N/A       9%          4
 Dazzling Flash           Conj/Hex       28%        N/A       13%         3
 Portal Projectile        Hex/Tloc       14%        N/A       26%         3
 Tukima's Dance           Hex            7%         N/A       26%         3
 Fulminant Prism          Conj/Hex       7%         3d7       38%         4
 Blade Hands              Tmut           5%         N/A       86%         5
 Silence                  Hex/Air        5%         N/A       86%         5
 Agony                    Necr           7%         N/A       93%         5
 Summon Forest            Summ/Tloc      3%         N/A       93%         5
 Summon Mana Viper        Hex/Summ       7%         N/A       93%         5
 Summon Cactus Giant      Summ           3%         N/A       100%        6
 Fire Storm               Conj/Fire      7%         8d2       100%        9
 Shatter                  Erth           25%        3d21*     100%        9
 Cigotuvi's Dreadful Rot  Necr/Pois/Air  Unusable   N/A       N/A         2

Dungeon Overview and Level Annotations

Branches:
Dungeon (8/15)             Temple (1/1) D:7            Lair (0/5) D:8
Ossuary (visited)

Altars:
Ashenzari
Cheibriados
Dithmenos
Elyvilon
Fedhas
Hepliaklqana
Kikubaaqudgha
Makhleb
Nemelex Xobeh
Okawaru
Qazlal
Ru
Sif Muna
Trog
Uskayaw
Vehumet
Xom
Yredelemnul
Zin
The Shining One

Shops:
D:2 [

Annotations:
D:8 1 transporter


Innate Abilities, Weirdness & Mutations

You are immune to sickness and miasma.
Your stone body is resilient. (AC +7)
You are immune to poison.
You resist negative energy. (rN+)
You are resistant to electric shocks. (rElec)
You are resistant to unholy torment.
You are immune to petrification.


Message History

The orc priest invokes the aid of Beogh against you.
Beogh smites you!
The kobold demonologist mumbles some strange words.
Your orc wizard zombie hits the quasit but does no damage.
The quasit closely misses you. The quasit misses you. The quasit claws you.
The smoke demon gestures at you.
The ball of steam hits the quasit.
The quasit resists.
The ball of steam hits you. You resist.
The ball of steam hits your howler monkey zombie!
Your howler monkey zombie is destroyed!
The shadow imp spits at you.
Unknown command.
Unknown command.
Blink to where?
Press: ? - help, Dir - move target, p - kobold demonologist
As you read the scroll of blinking, it crumbles to dust.
The kobold demonologist mumbles some strange words.
Your orc wizard zombie misses the shadow imp.
The red devil hits you from afar with a +1 demon trident of electrocution!
Barbed spikes become lodged in your body.
The barbs in your skin will harm you if you move.
Continue? [Y]es or [N]o only, please.
The barbs in your skin will harm you if you move.
Continue? [Y]es or [N]o only, please.
The barbs in your skin will harm you if you move.
Continue?
The barbed spikes dig painfully into your body as you move.
The kobold demonologist looks braver for a moment.
You open the door.
The orc priest calls down the wrath of Beogh upon you.
Beogh smites you!
* * * LOW HITPOINT WARNING * * *
The red devil hits you but does no damage.
The barbed spikes dig painfully into your body as you move.
* * * LOW HITPOINT WARNING * * *
The kobold demonologist begins to cast a cantrip, but forgets the words!
The shadow imp lashes its tail.
The orc priest invokes the aid of Beogh against you.
Beogh smites you!
You die...
Your body rises from the dead as a mindless zombie.

#.####'####.##.Z.......
#.#.≈.Z.≈.#.#..........
#.#o≈..53.#............
.#.#K≈35Z≈5#............
...#.≈~⌠~≈K#............
#...#.≈~P4≈o#............
..#(#o≈...≈o#............
#.#5≈...≈5#............
#.####@####............
#.#~.$.?.~#............
.#.#8P$©$P8#............
...#########............
.......©............#...
##....#................##.#.
#.........#.............####
#......................# #
##......#..........###.## #


You could see a sun demon (summoned), 2 kobold demonologists, a smoke demon
(summoned), a red devil (summoned), 4 orc priests, a quasit (summoned), 4 shadow
imps and 2 friendly howler monkey zombies.

Vanquished Creatures
  Pikel (D:5)
  2 steam dragons
  3 water moccasins
  An orc warrior (D:8)
  An ice beast (D:6)
  2 sky beasts
  3 centaurs
  5 bullfrogs
  4 scorpions
  A necrophage (D:6)
  A water moccasin zombie (Ossuary)
  3 wights (D:8)
  3 killer bees (D:8)
  5 howler monkeys
  2 jellies
  5 quasits (D:4)
  5 hounds
  An orc priest (D:5)
  An iguana (D:5)
  2 orc wizards
  3 mummies
  3 adders
  2 shadow imps
  4 white imps
  8 ufetubi
  2 adder zombies (Ossuary)
  A worm (D:2)
  2 dart slugs
  14 orcs
  8 endoplasms
  3 giant cockroaches
  3 gnoll zombies (Ossuary)
  2 goblins (D:2)
  4 hobgoblins
  2 jackals (D:4)
  4 quokkas
  4 ball pythons
  3 bats
  5 frilled lizards
  4 hobgoblin zombies
  7 kobolds
  5 kobold zombies (Ossuary)
  6 orc zombies
  6 rats
  A spectral kobold (D:1)
157 creatures vanquished.

Vanquished Creatures (collateral kills)
  An ice beast (D:7)
  A bullfrog (D:8)
  A killer bee (D:8)
  An orc priest (D:8)
  An orc wizard (D:8)
  A shadow imp (D:8)
  An orc (D:8)
7 creatures vanquished.

Vanquished Creatures (others)
  A human (D:4)
  A bullfrog zombie (D:8)
  A scorpion zombie (D:8)
  2 killer bee zombies (D:8)
  A howler monkey zombie (D:8)
  An orc zombie (D:8)
  3 demonic plants (D:4)
  16 fungi (D:8)
  20 plants (D:8)
46 creatures vanquished.

Grand Total: 210 creatures vanquished

Notes
Turn   | Place    | Note
-------+----------+-------------------------------------------
     0 | D:1      | 123456 the Gargoyle Earth Elementalist began the quest for
                  | the Orb.
     0 | D:1      | Reached XP level 1. HP: 10/10 MP: 3/3
   296 | D:1      | Found a faded altar of an unknown god.
   463 | D:1      | Reached XP level 2. HP: 15/15 MP: 1/5
   779 | D:1      | Reached skill level 4 in Earth Magic
  1167 | D:2      | Reached XP level 3. HP: 18/19 MP: 3/6
  1172 | D:2      | Learned a level 3 spell: Stone Arrow
  1645 | D:2      | Found Ebuxuiq's Armour Shoppe.
  2055 | D:3      | Reached XP level 4. HP: 22/24 MP: 6/8
  2122 | D:3      | Found a broken altar of Ashenzari.
  2222 | D:3      | Found a sacrificial altar of Ru.
  2632 | D:4      | Identified a scroll of acquirement
  2643 | D:4      | Acquired 893 gold pieces
  2734 | D:4      | Found an ancient bone altar of Kikubaaqudgha.
  2738 | D:4      | Noticed a human
  2740 | D:4      | Killed a human
  2754 | D:4      | Noticed a centaur
  2758 | D:4      | Killed a centaur
  2759 | D:4      | Reached skill level 5 in Earth Magic
  2759 | D:4      | Reached XP level 5. HP: 13/28 MP: 0/9
  3010 | D:4      | Reached XP level 6. HP: 30/32 MP: 0/11
  3453 | D:4      | Noticed a moth of wrath
  3455 | D:4      | Found a bloodstained altar of Trog.
  3826 | D:4      | Reached skill level 6 in Earth Magic
  3826 | D:4      | Reached XP level 7. HP: 30/36 MP: 9/13
  3927 | D:5      | Entered Level 5 of the Dungeon
  3951 | D:5      | Noticed Pikel
  3971 | D:5      | Killed Pikel
  3972 | D:5      | Reached skill level 5 in Spellcasting
  3972 | D:5      | Reached skill level 7 in Earth Magic
  3972 | D:5      | Reached XP level 8. HP: 9/41 MP: 0/15
  4105 | D:5      | Reached skill level 5 in Stealth
  4388 | D:5      | Found a hide-covered altar of Uskayaw.
  4388 | D:5      | Noticed a +0 short sword
  4388 | D:5      | Noticed a +0 dagger
  4389 | D:5      | Noticed a +0 spear
  4389 | D:5      | Noticed a +0 falchion
  4390 | D:5      | Noticed a +0 short sword
  4390 | D:5      | Noticed a +0 dagger
  4391 | D:5      | Noticed a +0 falchion
  4395 | D:5      | Noticed a +0 spear
  4668 | D:5      | Reached skill level 8 in Earth Magic
  5261 | D:6      | Found a sand-covered staircase.
  5273 | Ossuary  | Entered an ossuary
  5657 | D:6      | Reached XP level 9. HP: 45/45 MP: 11/18
  5978 | D:6      | Reached skill level 9 in Earth Magic
  6238 | D:6      | Found a hazy altar of Hepliaklqana.
  6298 | D:6      | Found an iron altar of Okawaru.
  6438 | D:7      | Found a staircase to the Ecumenical Temple.
  6447 | Temple   | Entered the Ecumenical Temple
  6453 | Temple   | Became a worshipper of Yredelemnul the Dark
  6604 | D:7      | Learned a level 9 spell: Chain Lightning
  6628 | D:7      | Reached * piety under Yredelemnul
  6657 | D:7      | Found a radiant altar of Vehumet.
  6915 | D:7      | Found a glowing golden altar of the Shining One.
  6922 | D:7      | Reached skill level 1 in Conjurations
  7190 | D:7      | Found a shimmering altar of Xom.
  7267 | D:8      | Reached skill level 1 in Air Magic
  7274 | D:8      | Reached ** piety under Yredelemnul
  7283 | D:8      | Reached skill level 10 in Earth Magic
  7283 | D:8      | Reached XP level 10. HP: 45/50 MP: 2/21
  7323 | D:8      | Reached *** piety under Yredelemnul
  7561 | D:8      | Found a transporter.
  7566 | D:8      | Noticed a kobold demonologist
  7572 | D:8      | Noticed a kobold demonologist
  7580 | D:8      | Found a transporter.
  7666 | D:8      | Found a staircase to the Lair.
  7776 | D:8      | Noticed a smoke demon
  7782 | D:8      | Noticed a sun demon
  7784 | D:8      | Killed from afar by an orc priest

Illustrated notes

Levels and vault maps discovered:
D:1:      elethiomel_arrival_infinity_welcomes_careful_drivers,
          layout_loops_corners, dreamdust_ecumenical_altar_drowned_temple
D:2:      layout_basic, serial_shops, shop, dk_noncrumbling_4,
          small_statue_intersection, moated_statue
D:3:      layout_basic, nicolae_ashenzari_skybound, lemuel_crystal_altar,
          nicolae_concentric_dashed_squares_wild
D:4:      layout_loops_corners, tgw_kikubaaqudgha, tgw_trog, serial_demonic,
          serial_demonic_f, serial_demonic_e, serial_demonic_a,
          serial_demonic_c, serial_demonic_c, serial_demonic_b
D:5:      layout_basic, nicolae_uskayaw_en_pointe, uniq_pikel
D:6:      layout_gridville, nicolae_hepliaklqana_hippocampus, okawaru_trees_1,
          nicolae_ossuary_entry_giza
D:7:      layout_loops_ring, nicolae_tso_carved_into_rock,
          mainiacjoe_overflow_swirl, minmay_temple_entry_large_hall
D:8:      gammafunk_wand_slinger, layout_cave_pools,
          grunt_lair_entry_orc_guard_hut
Temple:   hellmonk_temple_micro_hex

Skill      XL: |  1  2  3  4  5  6  7  8  9 10 |
---------------+-------------------------------+-----
Earth Magic    | 4 5 6 7 8 10 | 10.2
Dodging        | 2 3 4 |  4.8
Stealth        | 3 4 5 6 7 |  7.0
Spellcasting   | 3 4 5 6 7 |  7.6
Conjurations   | 2 3 |  3.2
Air Magic      | 1 |  1.5
Transmutations | |  0.7

Action                   |  1- 3 |  4- 6 |  7- 9 | 10-12 || total
-------------------------+-------+-------+-------+-------++-------
Melee: Dagger            |    11 |    14 |    27 |     9 ||    61
       Punch             |       |     2 |       |       ||     2
 Cast: Sandblast         |    47 |    52 |   122 |     5 ||   226
       Stone Arrow       |     1 |     3 |    23 |     6 ||    33
  Use: Scroll            |     3 |     3 |     6 |     1 ||    13
 Stab: Sleeping          |       |       |     1 |       ||     1
Armor: Robe              |     8 |    62 |    54 |       ||   124
       Steam dragon scal |       |       |    25 |    21 ||    46
Dodge: Dodged            |    10 |    82 |    77 |    19 ||   188

Table legend: (Time is in decaauts)
 A = Elapsed time spent in this place.
 B = Non-inter-level travel time spent in this place.
 C = Inter-level travel time spent in this place.
 D = Time resting spent in this place.
 E = Time spent auto-exploring this place.
 F = Levels seen in this place.
 G = Mean time per level.
                   A        B        C        D        E       F      G
               +--------+--------+--------+--------+--------+-----+--------+
         Total |   7897 |   7664 |    233 |    108 |   6411 |  10 |  789.7 |
       Dungeon |   7580 |   7347 |    233 |    108 |   6174 |   8 |  947.5 |
        Temple |     12 |     12 |      0 |      0 |      0 |   1 |   12.0 |
       Ossuary |    304 |    304 |      0 |      0 |    237 |   1 |  304.0 |
               +--------+--------+--------+--------+--------+-----+--------+

Top non-repeatable levels by time:
     D:4: 1358 daAuts
     D:5: 1331 daAuts
     D:1: 1175 daAuts
     D:6: 895 daAuts
     D:7: 820 daAuts
     D:3: 728 daAuts
     D:2: 717 daAuts
     D:8: 553 daAuts
 Ossuary: 304 daAuts
  Temple: 12 daAuts
